 Dungeon Crawl Stone Soup version 0.21-a0-444-g29a2fec (webtiles) character file.

8640 slep the Shield-Bearer (level 11, 0/84 HPs)
             Began as a Vine Stalker Monk on Nov 17, 2017.
             Was the Champion of Okawaru.
             Killed by divine providence
             ... invoked by an orc priest
              (3 damage)
             ... on level 1 of the Orcish Mines on Nov 18, 2017.
             The game lasted 01:01:15 (7831 turns).

slep the Shield-Bearer (Vine Stalker Monk)          Turns: 7831, Time: 01:01:16

Health: 0/84       AC: 18    Str: 19    XL:     11   Next: 34%
Magic:  0/12       EV:  6    Int: 10    God:    Okawaru [******]
Gold:   562        SH: 16    Dex: 20    Spells: 9/10 levels left

rFire    + . .     SeeInvis .   L - +7 long sword of Forced Transition {drain, rElec rC+}
rCold    + + .     Gourm    .   p - +0 large shield
rNeg     . . .     Faith    .   r - +1 chain mail {rF+}
rPois    .         Spirit   +   q - +1 helmet
rElec    +         Reflect  .   (no cloak)
rCorr    .         Harm     .   (no gloves)
MR       ++...                  K - +1 pair of boots
Stlth    ..........             (no amulet)
HPRegen  0.64/turn              Y - ring of protection from magic
MPRegen  0.13/turn              n - +3 ring of protection

@: berserking (expiring), very quick
A: fangs 3, blurry vision 1, cold resistance 1, regeneration 1, magic shield,
antimagic bite, no potion heal 3, rot immunity
a: Heroism, Finesse, Renounce Religion


You were on level 1 of the Orcish Mines.
You worshipped Okawaru.
Okawaru was exalted by your worship.
You were very hungry.

You visited 2 branches of the dungeon, and saw 11 of its levels.

You collected 562 gold pieces.

Inventory:

Hand Weapons
 L - the +7 long sword of Forced Transition (weapon) {drain, rElec rC+}
   (Okawaru gifted it to you on level 9 of the Dungeon)

   A truly terrible weapon, it drains the life of those it strikes.
   It protects you from cold.
   It insulates you from electricity.
 P - a +2 hunting sling of freezing
Missiles
 m - 3 silver javelins
 N - 9 tomahawks (quivered)
 W - 6 javelins
Armour
 p - a +0 large shield (worn)
 q - a +1 helmet (worn)
 r - a +1 chain mail of fire resistance (worn)
 K - a +1 pair of boots (worn)
Magical Staves
 C - an uncursed staff of poison
Jewellery
 n - a +3 ring of protection (right hand)
 t - an uncursed ring of magical power
 D - an uncursed ring of see invisible
 Y - a ring of protection from magic (left hand)
Wands
 v - a wand of confusion (21/48)
 w - a wand of flame (21/48)
 y - a wand of clouds (4/9)
 J - a wand of disintegration (13/24)
 M - a wand of lightning (5/15)
 U - a wand of flame (20/48)
Scrolls
 b - a scroll of random uselessness {unknown}
 e - a scroll of enchant weapon
 g - 2 scrolls of remove curse
 i - 6 scrolls of identify
 j - 4 scrolls of blinking
 k - 2 scrolls of enchant armour {unknown}
 s - a scroll of recharging {unknown}
 x - a scroll of fog
 F - a scroll of amnesia {unknown}
 O - a scroll of noise {unknown}
 S - a scroll of immolation {unknown}
 V - 2 scrolls of magic mapping {unknown}
 X - a scroll of fear {unknown}
Potions
 d - 3 potions of curing
 f - a potion of haste
 o - 2 potions of brilliance
 z - 2 potions of lignification
 E - 2 potions of cancellation
 I - a potion of invisibility {unknown}
 R - 2 potions of flight
Books
 Q - a book of Cantrips

   Spells                             Type                      Level
   a - Confusing Touch                Hexes                        1
   b - Animate Skeleton               Necromancy                   1
   c - Summon Small Mammal            Summoning                    1
   d - Apportation                    Translocation                1
Comestibles
 c - 10 bread rations
 h - 3 meat rations
 l - 8 royal jellies
 u - 9 fruits


   Skills:
 + Level 6.3 Fighting
 + Level 5.1 Long Blades
   Level 7.5(8.1) Axes
   Level 4.5(6.6) Maces & Flails
 + Level 0.2 Throwing
 + Level 5.9 Armour
 + Level 3.8 Dodging
 + Level 2.8 Stealth
 + Level 7.9 Shields


You had 9 spell levels left.
You knew the following spells:

 Your Spells              Type           Power        Failure   Level  Hunger
a - Apportation           Tloc           #.....       100%        1    ##.....


Dungeon Overview and Level Annotations

Branches:
Dungeon (9/15)             Temple (0/1) D:4             Orc (2/2) D:9
   Lair: D:8-11         Elf: Orc:2

Altars:
Dithmenos
Elyvilon
Nemelex Xobeh
Okawaru
Sif Muna
Trog
Wu Jian
Xom
Yredelemnul
Zin

Shops:
D:7 (


Innate Abilities, Weirdness & Mutations

You have razor-sharp teeth.
Your natural rate of healing is unusually fast.
When hurt, damage is shared between your health and your magic reserves.
Your bite disrupts and absorbs the magic of your enemies.
Potions cannot restore your health.
You are immune to rotting.
Scrolls take you a little longer to read.
Your flesh is cold resistant. (rC+)


Message History

* * * LOW HITPOINT WARNING * * *
The orc priest mumbles some strange prayers to Beogh against you.
Beogh smites you!
* * * LOW HITPOINT WARNING * * *
Your shield and chain mail prevent you from hitting the ogre.
You bite the ogre! You drain its power.
You feel invigorated.
The ogre is moderately wounded.
You block something's attack.
Your shield and chain mail prevent you from hitting the ogre.
The ogre is moderately wounded.
You hear some strange, mumbled words.
A puff of frost appears from out of thin air!
The puff of frost hits you! You resist.
* * * LOW HITPOINT WARNING * * *
The orc warrior hits you from afar with a trident.
The orc priest looks satisfied for a moment.
You block the ogre's attack. The orc hits you but does no damage.
The orc priest invokes the aid of Beogh against you.
Beogh smites you!
You die...

#...#...##. ###
##..###.#.. ##.##
###.........
#...###...^.......
##...............#
##...............
###..#..........
####..............
##@##..............
#o{Oooo.......##..#
##o#oo.#...........
##o..##.>.....#...
#....##.o........
##..<.#..........
##..###o..o.....
#...###.........
##.###........#.


You could see an orc warrior, an ogre, 2 orc priests, an orc wizard and 4 orcs.

Vanquished Creatures
  4 two-headed ogres
  A troll (Orc:1)
  3 hippogriffs
  A human (D:7)
  4 hogs (D:7)
  A hungry ghost (D:8)
  The ghost of Placid the Destroyer, an amateur TeCj (D:3)
  2 water moccasins (D:9)
  4 orc warriors
  A phantom (D:9)
  2 sky beasts
  2 black bears
  3 ice beasts
  A hornet zombie (D:7)
  7 ogres
  4 centaurs
  5 bullfrogs
  2 scorpions
  6 killer bees (D:8)
  A howler monkey (D:9)
  3 bullfrog zombies
  5 crimson imps
  4 hounds
  A centaur zombie (D:2)
  A quasit (D:8)
  3 orc priests
  A bullfrog skeleton (D:9)
  3 jellies
  6 orc wizards
  5 worker ants
  A hound zombie (D:6)
  2 worker ant zombies
  4 gnolls (D:3)
  16 adders
  A shadow imp (D:5)
  9 oozes
  4 adder zombies
  4 worms
  4 dart slugs
  7 leopard geckos
  22 orcs
  5 giant cockroaches
  7 hobgoblins
  16 jackals
  5 kobolds
  2 quokkas
  A ball python (D:3)
  4 bats
  4 frilled lizards
  10 goblins
  A jackal skeleton (D:5)
  A quokka skeleton (D:6)
  A quokka zombie (D:5)
  13 rats
231 creatures vanquished.

Notes
Turn   | Place    | Note
-------+----------+-------------------------------------------
     0 | D:1      | slep the Vine Stalker Monk began the quest for the Orb.
     0 | D:1      | Reached XP level 1. HP: 11/11 MP: 2/2
     1 | D:1      | Found a runed door.
   205 | D:1      | Reached XP level 2. HP: 16/16 MP: 3/3
   733 | D:1      | Reached XP level 3. HP: 13/20 MP: 4/4
   978 | D:2      | Noticed a centaur
   987 | D:2      | Killed a centaur
   987 | D:2      | Reached skill level 1 in Armour
   987 | D:2      | Gained mutation: Your natural rate of healing is unusually fast. [Vine Stalker growth]
   987 | D:2      | Reached XP level 4. HP: 12/24 MP: 5/5
   987 | D:2      | Reached XP level 5. HP: 14/28 MP: 6/6
  1006 | D:2      | Found a shimmering altar of Xom.
  1228 | D:2      | Found an ornate altar of the Wu Jian Council.
  1230 | D:2      | Found a shadowy altar of Dithmenos.
  1252 | D:2      | Found a basalt altar of Yredelemnul.
  1447 | D:2      | Reached XP level 6. HP: 32/32 MP: 7/7
  1513 | D:3      | Found a basalt altar of Yredelemnul.
  1824 | D:3      | Noticed Placid's ghost (amateur TeCj)
  1850 | D:3      | Killed Placid's ghost
  1850 | D:3      | Reached skill level 1 in Shields
  1850 | D:3      | Reached XP level 7. HP: 30/36 MP: 8/8
  1902 | D:3      | Found an iron altar of Okawaru.
  1909 | D:3      | Became a worshipper of Warmaster Okawaru
  1909 | D:3      | Reached * piety under Okawaru
  1909 | D:3      | Reached ** piety under Okawaru
  2084 | D:3      | Reached skill level 5 in Long Blades
  2574 | D:4      | Found a staircase to the Ecumenical Temple.
  3190 | D:5      | Entered Level 5 of the Dungeon
  3217 | D:4      | Reached skill level 1 in Maces & Flails
  3493 | D:4      | Gained mutation: You have razor-sharp teeth. [Vine Stalker growth]
  3493 | D:4      | Reached XP level 8. HP: 38/42 MP: 9/9
  3946 | D:5      | Found a bloodstained altar of Trog.
  4184 | D:5      | Gained mutation: Scrolls take you a little longer to read. [potion of mutation]
  4184 | D:5      | Gained mutation: Your flesh is cold resistant. (rC+) [potion of mutation]
  4193 | D:6      | Found a sparkling altar of Nemelex Xobeh.
  4261 | D:6      | Reached *** piety under Okawaru
  4572 | D:6      | Found a white marble altar of Elyvilon.
  4606 | D:6      | Reached XP level 9. HP: 6/46 MP: 8/10
  5078 | D:7      | Reached skill level 1 in Axes
  5078 | D:7      | Reached skill level 5 in Shields
  5134 | D:7      | Reached **** piety under Okawaru
  5216 | D:7      | Found Socwagh's Antique Weapon Shoppe.
  5671 | D:7      | Reached skill level 5 in Fighting
  5892 | D:8      | Noticed a two-headed ogre
  6027 | D:7      | Killed a two-headed ogre
  6027 | D:7      | Reached ***** piety under Okawaru
  6027 | D:7      | Reached skill level 5 in Axes
  6027 | D:7      | Reached skill level 5 in Armour
  6027 | D:7      | Reached XP level 10. HP: 14/51 MP: 11/11
  6565 | D:8      | Learned a level 1 spell: Apportation
  6767 | D:9      | Noticed a two-headed ogre
  6785 | D:9      | Killed a two-headed ogre
  6846 | D:9      | Noticed a two-headed ogre
  6858 | D:9      | Killed a two-headed ogre
  6858 | D:9      | Received a gift from Okawaru
  6920 | D:9      | Reached XP level 11. HP: 48/56 MP: 12/12
  7213 | D:9      | Found a staircase to the Orcish Mines.
  7309 | D:9      | Reached ****** piety under Okawaru
  7334 | D:9      | Received a gift from Okawaru
  7337 | D:9      | Got a jewelled long sword {god gift}
  7343 | D:9      | Identified the +7 long sword of Forced Transition {drain, rElec rC+} (Okawaru gifted it to you on level 9 of the Dungeon)
  7420 | D:9      | Found a glowing silver altar of Zin.
  7426 | D:9      | Found a deep blue altar of Sif Muna.
  7427 | D:9      | Noticed a two-headed ogre
  7436 | D:9      | Killed a two-headed ogre
  7684 | Orc:1    | Entered Level 1 of the Orcish Mines
  7809 | Orc:2    | Entered Level 2 of the Orcish Mines
  7809 | Orc:2    | Noticed an orc high priest
  7829 | Orc:1    | HP: 3/84 [orc priest/divine providence (10)]
  7831 | Orc:1    | Killed from afar by an orc priest

Vault maps used:
D:1:      dpeg_arrival_caged_fury, serial_bayou, serial_bayou_pond_e,
          serial_bayou_shore_b, serial_bayou_lagoon_a, serial_bayou_ford_a,
          minmay_misc_feat_room
D:2:      lemuel_doored_altar, xom_teletrap_fun, grunt_temple_overflow_open
D:3:      overflow_temple_1_default, minmay_misc_feat_x,
          yredelemnul_altar_generic
D:4:      minmay_temple_entry_enclosed_plants
D:5:      bloody_trog, first_bread, wad_floor_pattern_2
D:6:      old_standard_altar, nemelex_xobeh_ov_fountains_minmay
D:7:      serial_shops, nicolae_shop_stone, hangedman_decor_points,
          grunt_livestock
D:9:      kennysheep_mini_moat, lemuel_round_altar, patterned_corridor
Orc:1:    nicolae_volcano_entry_batcave, minmay_orc_keep
Orc:2:    grunt_orc_community_town_hall, grunt_orc_community_big_house_1,
          grunt_orc_community_big_house_2, grunt_orc_community_house_3,
          grunt_orc_community_house_2, grunt_orc_community_house_2,
          grunt_orc_community_house_1, grunt_orc_community_house_2,
          serial_shops, shop

Skill      XL: |  1  2  3  4  5  6  7  8  9 10 11 |
---------------+----------------------------------+-----
Long Blades    | 3 4 5 |  5.1
Fighting       | 3 4 5 6 |  6.3
Armour         | 1 2 3 5 |  5.9
Dodging        | 3 |  3.8
Shields        | 1 2 4 6 7 |  7.9
Maces & Flails | 2 4 |  4.5
Axes           | 5 6 7 |  7.5
Throwing       | |  0.2
Stealth        | |  2.8

Action                   |  1- 3 |  4- 6 |  7- 9 | 10-12 || total
-------------------------+-------+-------+-------+-------++-------
Melee: Falchion          |    75 |   176 |    52 |       ||   303
       Bite              |    26 |    44 |   218 |   105 ||   393
       Mace              |       |       |   319 |       ||   319
       Hand axe          |       |       |   192 |   235 ||   427
       Long sword        |       |       |       |    43 ||    43
Throw: Tomahawk          |       |       |       |     3 ||     3
Evoke: Wand              |       |       |       |     1 ||     1
  Use: Potion            |       |       |     8 |     1 ||     9
       Scroll            |       |       |       |     9 ||     9
 Stab: Sleeping          |     1 |     1 |       |       ||     2
  Eat: Chunk             |       |     4 |    14 |     8 ||    26
Armor: Ring mail         |    28 |    30 |       |       ||    58
       Chain mail        |       |    52 |   168 |    92 ||   312
       Plate armour      |       |       |   359 |    68 ||   427
Dodge: Dodged            |    41 |    29 |    34 |    30 ||   134
Block: Large shield      |       |    82 |   498 |   268 ||   848
       Rpst.: Falchion   |    11 |     5 |     2 |       ||    18
       Long sword        |       |       |       |     1 ||     1

Table legend:
 A = Spawn XP
 B = Non-spawn XP
 C = Spawn XP percentage of total XP
 D = Spawn monster count
 E = Non-spawn monster count
 F = Spawn count percentage of total count
 G = Total turns spent on level
                    A         B        C        D         E        F      G
               +---------+---------+-------+---------+---------+-------+---------
         Total |       0 |   12343 |   0.0 |       0 |     231 |   0.0 |  7831
               +---------+---------+-------+---------+---------+-------+---------
           D:1 |       0 |      80 |   0.0 |       0 |      30 |   0.0 |   966
           D:2 |       0 |     239 |   0.0 |       0 |      22 |   0.0 |   529
           D:3 |       0 |     358 |   0.0 |       0 |      39 |   0.0 |   799
           D:4 |       0 |     543 |   0.0 |       0 |      17 |   0.0 |  1090
           D:5 |       0 |     404 |   0.0 |       0 |      22 |   0.0 |   843
           D:6 |       0 |     969 |   0.0 |       0 |      17 |   0.0 |   730
           D:7 |       0 |    2949 |   0.0 |       0 |      29 |   0.0 |  1130
           D:8 |       0 |    1558 |   0.0 |       0 |      25 |   0.0 |   657
           D:9 |       0 |    4623 |   0.0 |       0 |      26 |   0.0 |   940
         Orc:1 |       0 |     620 |   0.0 |       0 |       4 |   0.0 |   145
               +---------+---------+-------+---------+---------+-------+---------
